AoeStats
← normalnocturnal

Black Forest

506721590Analyzed
2v2 RM · 19d ago on Sep 14, 2026· 47m 9s· 4 players
Game mode
Random Map
Map size
Medium (4 player)
Population
200
Speed
Normal
Resources
Standard
Victory
Conquest
Starting age
Dark Age
Ending age
Imperial Age
RankedLock teamsTeams togetherTeam positionsShared explorationLock speedFull tech treeHidden civsTurbo modeCheats
Victory
Defeat
🇧🇷 Khmer · Brazil
801
+17
🇲🇽 Bohemians · Mexico
775
+18
🇬🇧 Lithuanians · United Kingdom
832
-18
🇬🇧 Goths · United Kingdom
820
-17
CALLATEprr@
0:31 Loom
13:00 Feudal Age
13:48 Double-Bit Axe
18:41 Castle Age
18:17 Horse Collar
21:30 Bow Saw
23:13 Heavy Plow
26:30 Wheelbarrow
26:46 Town Watch
27:09 Caravan
27:16 Man-at-Arms
27:19 Pikeman
28:00 Squires
27:45 Arson
29:02 Hand Cart
29:02 Forging
28:54 Scale Mail Armor
29:28 Wagenburg Tactics
29:38 Fervor
33:35 Imperial Age
31:45 Chain Mail Armor
31:35 Padded Archer Armor
32:51 Chemistry
31:32 Treadmill Crane
32:22 Ballistics
32:25 Sanctity
32:52 Town Patrol
34:44 Conscription
34:11 Elite Hussite Wagon
35:19 Houfnice
35:33 Man-at-Arms
38:35 Two-Man Saw
37:25 Long Swordsman
38:52 Halberdier
40:36 Iron Casting
43:53 Blast Furnace
43:24 Plate Mail Armor
Dgo
0:35 Loom
12:18 Feudal Age
13:35 Wheelbarrow
13:23 Double-Bit Axe
18:24 Stone Mining
18:36 Horse Collar
26:13 Castle Age
27:52 Hand Cart
28:21 Heavy Plow
29:01 Stone Shaft Mining
28:08 Light Cavalry
28:50 Husbandry
33:07 Gold Mining
33:59 Pikeman
35:31 Gold Shaft Mining
39:22 Imperial Age
39:55 Bow Saw
40:42 Conscription
41:36 Double Crossbow
43:03 Chemistry
43:05 Crop Rotation
42:41 Halberdier
44:24 Forging
44:15 Scale Mail Armor
44:21 Scale Barding Armor
ChrisVoor
1:29 Loom
10:56 Feudal Age
11:27 Man-at-Arms
13:03 Gold Mining
12:57 Horse Collar
13:06 Double-Bit Axe
16:05 Forging
21:46 Castle Age
21:22 Stone Mining
24:07 Town Watch
24:58 Wheelbarrow
25:32 Heavy Plow
25:46 Bow Saw
27:21 Anarchy
32:46 Imperial Age
31:13 Squires
30:48 Long Swordsman
34:17 Conscription
34:34 Hand Cart
35:07 Crop Rotation
35:20 Perfusion
35:02 Two-Handed Swordsman
35:57 Scale Mail Armor
36:34 Iron Casting
36:52 Stone Shaft Mining
37:59 Chemistry
37:20 Ballistics
38:06 Champion
40:35 Blast Furnace
40:13 Chain Mail Armor
40:22 Pikeman
45:28 Fletching
normalnocturnal
3:27 Loom
11:00 Feudal Age
11:29 Double-Bit Axe
11:31 Horse Collar
13:03 Wheelbarrow
19:56 Castle Age
20:41 Husbandry
20:52 Bloodlines
21:31 Heavy Plow
22:03 Bow Saw
23:02 Scale Barding Armor
23:23 Forging
30:32 Imperial Age
28:29 Caravan
30:27 Scale Mail Armor
30:50 Chain Barding Armor
31:47 Onager
32:21 Cavalier
32:44 Man-at-Arms
36:39 Squires
36:41 Long Swordsman
39:01 Two-Man Saw
38:03 Two-Handed Swordsman
39:23 Elite Leitis
40:50 Conscription
42:10 Paladin
43:24 Hand Cart
44:21 Iron Casting
44:22 Plate Barding Armor
45:59 Champion
Connection lost

Rejoining the realm…

Still unreachable

The connection could not be restored.

Session expired

The server has moved on; the page needs a fresh start.